 Dungeon Crawl Stone Soup version 0.19-a0-994-g3c636f0 (webtiles) character file.

12226 Ijustatesigmund the Basher (level 11, -3/91 HPs)
             Began as a Demonspawn Fighter on July 15, 2016.
             Was a High Priest of Cheibriados.
             Slain by a death yak (19 damage)
             ... on level 1 of the Lair of Beasts.
             The game lasted 00:22:58 (10128 turns).

Ijustatesigmund the Basher (Demonspawn Fighter)    Turns: 10128, Time: 00:23:00

Health: -3/91      AC: 25    Str: 28    XL:     11   Next: 59%
Magic:  8/16       EV:  9    Int: 22    God:    Cheibriados [*****.]
Gold:   487        SH: 12    Dex: 26    Spells: 0 memorised, 10 levels left

rFire  . . .     SeeInvis .     E - +2 flail (crush)
rCold  + . .     Gourm    .     i - +2 plate armour {rPois}
rNeg   . . .     Faith    .     c - +0 shield
rPois  +         Spirit   .     p - +0 helmet
rElec  .         Dismiss  .     (no cloak)
rCorr  +         Reflect  .     w - +0 pair of gloves
SustAt .         Harm     .     k - +0 pair of boots
MR     +....                    (no amulet)
Stlth  ..........               a - ring of resist corrosion
                                m - ring of protection from magic

@: very slightly contaminated, invisible, very slow, somewhat resistant to
hostile enchantments, extremely unstealthy
A: rough black scales 2, cold resistance 1, spiny 2
a: Bend Time, Temporal Distortion, Slouch, Step From Time, Renounce Religion


You were on level 1 of the Lair of Beasts.
You worshipped Cheibriados.
Cheibriados was extremely pleased with you.
You were not hungry.

You visited 3 branches of the dungeon, and saw 15 of its levels.
You also visited: Bailey.

You collected 487 gold pieces.

Inventory:

Hand Weapons
 z - a +0 morningstar
 E - a +2 flail of crushing (weapon)
Missiles
 t - 9 silver tomahawks (quivered)
Armour
 c - a +0 shield (worn)
 i - a +2 plate armour of poison resistance (worn)
 k - a +0 pair of boots (worn)
 p - a +0 helmet (worn)
 w - a +0 pair of gloves (worn)
Jewellery
 a - a ring of resist corrosion (right hand)
 m - a ring of protection from magic (left hand)
 q - an uncursed amulet of dismissal
 u - an uncursed ring of sustain attributes
 y - an uncursed ring of protection from magic
 A - an uncursed amulet of magic regeneration
 H - the ring of the Zebra {*Contam +Fly rN+++ Dex-4 SInv, unknown}
   (You found it on level 1 of the Lair of Beasts)

   [ring of flight]

   It affects your dexterity (-4).
   It renders you almost immune to negative energy.
   It lets you see invisible.
   It lets you fly.
   It causes magical contamination when unequipped.
Wands
 d - a wand of iceblast (3/15)
 s - a wand of disintegration (9/24)
 x - a wand of slowing (48/48)
Scrolls
 e - 2 scrolls of fear
 n - 5 scrolls of remove curse
 G - a scroll of teleportation
Potions
 j - a potion of invisibility
 l - 2 potions of cure mutation
 o - 2 potions of resistance
 r - 6 potions of brilliance
 C - a potion of cancellation
 D - a potion of might
 F - a potion of magic {unknown}
Comestibles
 b - a slice of pizza
 f - 10 bread rations
 h - 4 meat rations
 B - 2 fruits


   Skills:
 + Level 10.2 Fighting
 * Level 10.6 Maces & Flails
 - Level 6.1 Armour
 - Level 3.9 Dodging
 + Level 6.0 Shields
 - Level 7.4 Invocations


You had 10 spell levels left.
You didn't know any spells.

Dungeon Overview and Level Annotations

Branches:
Dungeon (12/15)            Temple (1/1) D:6            Lair (2/6) D:8
    Orc (0/2) D:10
  Swamp: Lair:2-4    Shoals: Lair:2-4     Snake: Lair:2-4    Spider: Lair:2-4

Altars:
Ashenzari
Cheibriados
Dithmenos
Elyvilon
Fedhas
Gozag
Hepliaklqana
Kikubaaqudgha
Makhleb
Nemelex Xobeh
Okawaru
Pakellas
Qazlal
Ru
Sif Muna
Trog
Uskayaw
Vehumet
Xom
Yredelemnul
Zin
The Shining One

Shops:
D:6 =


Innate Abilities, Weirdness & Mutations

You are mostly covered in rough black scales. (AC +7, Dex -2)
Your flesh is cold resistant. (rC+)
You are mostly covered in sharp spines.


Message History

You climb upwards.
The blink frog is struck by your spines.
The blink frog hits you but does no damage.
The blink frog is struck by your spines.
The blink frog completely misses you. The river rat is struck by your spines.
The river rat bites you but does no damage.
You block the blink frog's attack.
The blink frog is struck by your spines.
The blink frog hits you.
* * * LOW HITPOINT WARNING * * *
The blink frog blinks!
There is a stone staircase leading down, spattered with blood here.
As you read the scroll of fear, it crumbles to dust.
You assume a fearsome visage.
The death yak resists with almost no effort.
The blink frog looks frightened! x2; The river rat looks frightened!
The death yak gores you.
* * * LOW HITPOINT WARNING * * *
The death yak gores you!!
You die...

.+....
##..#####P##...##
..#
#....#######...##
..#
#P..............#
.####
###.......†......##
......
.................#
......
..........††.....#
......
..................#
......
.................##
......
.......†@######..#
..(###
.P.....†#Y....#..#
....#
.#.......>....#..#
.....
......†.#.†...+ .
.....
#......†#.....#..#
...##
........#......r.#
.....
#P......##..###..
...##
##................
....#.
#................#


You could see a death yak and a river rat (fleeing).

Vanquished Creatures
  2 death yaks (Lair:2)
  5 hill giants
  A cyclops (D:11)
  A manticore (D:11)
  A spiny frog (Lair:1)
  2 trolls
  A vampire (D:11)
  A wraith (D:10)
  A wyvern (D:10)
  4 hippogriffs
  Menkaure (D:7)
  A porcupine (Lair:1)
  A water moccasin (Lair:2)
  3 orc warriors
  4 ice beasts
  3 black bears
  A necrophage (D:10)
  A phantom (D:6)
  2 sky beasts
  A wasp (D:10)
  7 ogres
  A crocodile (D:11)
  13 centaurs
  8 giant frogs
  A wyvern zombie (D:7)
  6 scorpions
  A water moccasin skeleton (D:9)
  5 wights (D:11)
  4 killer bees (D:8)
  3 howler monkeys (D:10)
  A crimson imp (D:6)
  6 orc priests
  A jelly (D:10)
  A quasit (D:11)
  4 hounds
  12 orc wizards
  2 centaur skeletons
  A giant frog skeleton (D:7)
  An iguana (D:4)
  3 worker ants
  2 sheep (D:11)
  A hound skeleton (D:9)
  3 worker ant zombies
  4 gnolls (D:6)
  A howler monkey skeleton (D:9)
  6 adders
  23 river rats
  A shadow imp (D:10)
  2 oozes
  An adder zombie (D:7)
  3 adder skeletons
  A worm (D:2)
  4 dart slugs
  3 giant geckos
  38 orcs
  5 giant cockroaches
  7 goblins
  A hobgoblin (D:3)
  9 jackals
  5 kobolds
  3 quokkas
  A ball python (D:6)
  7 bats
  2 giant gecko skeletons (D:4)
  A giant gecko zombie (D:6)
  5 giant newts
  7 rats
  3 fungi (D:8)
  A plant (D:8)
268 creatures vanquished.

Vanquished Creatures (others)
  A fungus (D:8)
1 creature vanquished.

Grand Total: 269 creatures vanquished

Notes
Turn   | Place    | Note
-------+----------+-------------------------------------------
     0 | D:1      | Ijustatesigmund the Demonspawn Fighter began the quest for the Orb.
     0 | D:1      | Reached XP level 1. HP: 18/18 MP: 1/1
   175 | D:1      | Gained mutation: Your flesh is cold resistant. (rC+) [demonic ancestry]
   175 | D:1      | Reached XP level 2. HP: 18/24 MP: 2/2
   217 | D:1      | Reached skill level 1 in Dodging
   871 | D:2      | Found an oddly glowing altar of Pakellas.
   957 | D:2      | Reached XP level 3. HP: 16/29 MP: 3/3
  1596 | D:3      | Reached XP level 4. HP: 9/37 MP: 4/4
  1855 | D:3      | Found a faded altar of an unknown god.
  2259 | D:4      | Reached XP level 5. HP: 42/42 MP: 5/5
  2326 | D:4      | Found a glowing silver altar of Zin.
  2624 | D:4      | Gained mutation: You are partially covered in rough black scales. (AC +4, Dex -1) [demonic ancestry]
  2624 | D:4      | Reached XP level 6. HP: 49/49 MP: 6/6
  2849 | D:5      | Entered Level 5 of the Dungeon
  3068 | D:5      | Found a shimmering altar of Xom.
  3131 | D:5      | Found a bloodstained altar of Trog.
  3444 | D:6      | Reached skill level 5 in Fighting
  3812 | D:6      | Gained mutation: You are mostly covered in rough black scales. (AC +7, Dex -2) [demonic ancestry]
  3812 | D:6      | Reached XP level 7. HP: 48/56 MP: 7/7
  4043 | D:6      | Found an opulent altar of Gozag.
  4080 | D:6      | Found a staircase to the Ecumenical Temple.
  4089 | Temple   | Entered the Ecumenical Temple
  4144 | Temple   | Became a worshipper of Cheibriados the Contemplative
  4373 | D:6      | Reached skill level 5 in Maces & Flails
  4620 | D:6      | Found Veg Ajam's Jewellery Shoppe.
  4651 | D:7      | Found a flagged portal.
  4660 | Bailey   | Entered a bailey
  4813 | D:7      | Reached XP level 8. HP: 65/65 MP: 8/8
  4879 | D:7      | Reached * piety under Cheibriados
  4969 | D:7      | Found a sparkling altar of Nemelex Xobeh.
  5103 | D:7      | Noticed Menkaure
  5111 | D:7      | Killed Menkaure
  5761 | D:8      | Reached XP level 9. HP: 65/74 MP: 9/9
  5765 | D:8      | Reached ** piety under Cheibriados
  5970 | D:8      | Reached skill level 1 in Invocations
  6169 | D:8      | Found a staircase to the Lair.
  6770 | D:9      | Found a white marble altar of Elyvilon.
  6800 | D:9      | Reached *** piety under Cheibriados
  6855 | D:9      | Reached skill level 5 in Invocations
  7005 | D:9      | Reached skill level 5 in Armour
  7341 | D:10     | Entered Level 10 of the Dungeon
  7513 | D:10     | Gained mutation: You are partially covered in sharp spines. [demonic ancestry]
  7513 | D:10     | Reached XP level 10. HP: 76/82 MP: 15/15
  7654 | D:10     | Reached **** piety under Cheibriados
  7732 | D:10     | Found a staircase to the Orcish Mines.
  7747 | D:10     | Noticed a hill giant
  7753 | D:10     | Killed a hill giant
  7891 | D:10     | Noticed a hill giant
  7916 | D:10     | Killed a hill giant
  8008 | D:10     | Noticed a hill giant
  8012 | D:10     | Killed a hill giant
  8243 | D:11     | Noticed a hill giant
  8249 | D:11     | Killed a hill giant
  8337 | D:11     | Noticed a manticore
  8343 | D:11     | Killed a manticore
  8365 | D:11     | Noticed a hill giant
  8394 | D:11     | Killed a hill giant
  8394 | D:11     | Gained mutation: You are mostly covered in sharp spines. [demonic ancestry]
  8394 | D:11     | Reached XP level 11. HP: 21/90 MP: 16/16
  8748 | D:11     | Reached ***** piety under Cheibriados
  8985 | D:11     | Reached skill level 5 in Shields
  9602 | D:11     | Reached skill level 10 in Fighting
  9605 | D:11     | Reached skill level 10 in Maces & Flails
  9687 | D:12     | Noticed a white ugly thing
  9814 | Lair:1   | Entered Level 1 of the Lair of Beasts
  9979 | Lair:1   | Got a translucent ivory ring
 10034 | Lair:1   | Noticed a death yak
 10035 | Lair:1   | Noticed a death yak
 10036 | Lair:1   | Noticed a death yak
 10041 | Lair:1   | Noticed a death yak
 10047 | Lair:2   | Killed a death yak
 10103 | Lair:2   | Killed a death yak
 10128 | Lair:1   | Slain by a death yak

Vault maps used:
D:1:      mrwooster_arrival_arrow
D:2:      grunt_pakellas_sulfur
D:3:      ecumenical_altar_2
D:4:      nicolae_overflow_crystal_walls
D:5:      grunt_temple_overflow_open, first_bread
D:6:      lemuel_doored_altar, serial_shops, kennysheep_mini_moat
D:7:      nemelex_altar_shiori, enter_bailey_2, uniq_menkaure
D:8:      dpeg_oklobed_lair
D:9:      lemuel_crystal_altar
D:10:     orc_0_dummy, serial_corexii_hall, corexii_hall_statues_x,
          corexii_hall_statues_deadend, corexii_hall_statues_deadend
D:12:     basic_altar, david_nohive_1, minivault_4
Temple:   nicolae_temple_x_marks_the_god
Lair:2:   elwin_shoals_entry_rooms, minmay_snake_entry_guardpost_small
Bailey:   bailey_polearm_flooded_kennysheep, bailey

Skill      XL: |  1  2  3  4  5  6  7  8  9 10 11 |
---------------+----------------------------------+-----
Maces & Flails | 2 3 4 5 7 9 10 | 10.6
Dodging        | 1 2 3 |  3.9
Fighting       | 4 5 6 8 9 10 | 10.2
Invocations    | 7 |  7.4
Armour         | 5 6 |  6.1
Shields        | 4 6 |  6.0

Action                   |  1- 3 |  4- 6 |  7- 9 | 10-12 || total
-------------------------+-------+-------+-------+-------++-------
Melee: Flail             |   171 |   142 |   431 |   244 ||   988
Throw: Tomahawk          |       |       |       |     2 ||     2
Invok: Step From Time    |       |       |       |     1 ||     1
       Slouch            |       |       |       |     1 ||     1
  Use: Scroll            |     4 |     2 |    12 |     2 ||    20
       Potion            |     1 |     2 |     5 |     4 ||    12
 Stab: Invisible         |       |       |       |     1 ||     1
  Eat: Chunk             |     2 |     5 |     6 |     5 ||    18
       Royal jelly       |       |     1 |       |       ||     1
       Fruit             |       |     1 |     2 |       ||     3
       Beef jerky        |       |       |       |     1 ||     1
Armor: Scale mail        |    32 |       |       |       ||    32
       Chain mail        |    87 |   117 |   140 |       ||   344
       Plate armour      |       |       |   105 |   143 ||   248
Dodge: Dodged            |    61 |    41 |   121 |    74 ||   297
Block: Shield            |   114 |    85 |   214 |   175 ||   588
